 Dungeon Crawl Stone Soup version 0.23-a0-143-g1adec7b (webtiles) character file.

42 Amnesiac the Chiller (level 3, -4/24 HPs)
             Began as a Mummy Ice Elementalist on Sept 4, 2018.
             Killed by divine providence
             ... invoked by an orc priest
              (8 damage)
             ... on level 3 of the Dungeon.
             The game lasted 00:02:03 (1488 turns).

Amnesiac the Chiller (Mummy Ice Elementalist)       Turns: 1488, Time: 00:02:03

Health: -4/24      AC:  2    Str: 11    XL:     3   Next: 33%
Magic:  0/7        EV: 12    Int: 15    God:
Gold:   62         SH:  0    Dex: 12    Spells: 7/8 levels left

rFire    x . .     SeeInvis .   (no weapon)
rCold    + . .     Gourm    .   (no shield)
rNeg     + + +     Faith    .   a - +0 robe
rPois    ∞         Spirit   .   (no helmet)
rElec    .         Reflect  .   (no cloak)
rCorr    .         Harm     .   (no gloves)
MR       .....                  (no boots)
Stlth    ++........             (no amulet)
HPRegen  0.08/turn              (no ring)
MPRegen  0.10/turn              (no ring)

@: very slightly contaminated
A: no food or potions, fire vulnerability, cold resistance 1, negative energy
resistance 3, torment resistance, unbreathing
a: no special abilities


You were on level 3 of the Dungeon.
You were not hungry.

You visited 1 branch of the dungeon, and saw 3 of its levels.

You collected 62 gold pieces.

Inventory:

Armour
 a - a +0 robe (worn)
Wands
 c - a wand of digging (16)
Scrolls
 b - a scroll of remove curse {!r, unknown}


   Skills:
 - Level 1.5 Dodging
 - Level 1.5 Stealth
 + Level 3.3 Spellcasting
   Level 0.7 Conjurations
 * Level 3.4 Ice Magic


You had 7 spell levels left.
You knew the following spells:

 Your Spells              Type           Power        Failure   Level  Hunger
a - Freeze                Ice            ##..         4%          1    N/A

Your spell library contained the following spells:

 Spells                   Type           Power        Failure   Level  Hunger
 Throw Frost              Conj/Ice       #.....       13%         2    N/A
 Ozocubu's Armour         Chrm/Ice       #.......     28%         3    N/A
 Throw Icicle             Conj/Ice       #.......     63%         4    N/A
 Summon Ice Beast         Ice/Summ       #.......     67%         4    N/A

Dungeon Overview and Level Annotations

Branches:
Dungeon (3/15)

Altars:
Elyvilon


Innate Abilities, Weirdness & Mutations

You do not eat or drink.
Your flesh is vulnerable to fire.
You are immune to poison.
Your flesh is cold resistant. (rC+)
You are immune to negative energy. (rN+++)
You are immune to unholy pain and torment.
You can survive without breathing.


Message History

There is a stone staircase leading up here.
Casting: Freeze (safe; 4% risk of failure)
Confirm with . or Enter, or press ? or * to list all spells.
Aiming: Freeze (safe; 4% risk of failure)
Press: ? - help, Shift-Dir - straight line, f - orc
Aim: an orc, wearing a leather armour You freeze the orc.
The orc is heavily wounded.
The orc hits you but does no damage.
Unknown command.
Casting: Freeze (safe; 4% risk of failure)
Confirm with . or Enter, or press ? or * to list all spells.
Aiming: Freeze (safe; 4% risk of failure)
Press: ? - help, Shift-Dir - straight line, f/p - orc
Aim: an orc, wearing a leather armour (heavily wounded)
You miscast Freeze.
You are very lightly contaminated with residual magic.
Nothing appears to happen.
The orc priest casts a cantrip, but nothing happens.
The orc completely misses you.
Casting: Freeze (safe; 4% risk of failure)
Confirm with . or Enter, or press ? or * to list all spells.
Aiming: Freeze (safe; 4% risk of failure)
Press: ? - help, Shift-Dir - straight line, f/p - orc
Aim: an orc, wearing a leather armour (heavily wounded)
You freeze the orc.
You kill the orc!
Casting: Freeze (safe; 4% risk of failure)
Confirm with . or Enter, or press ? or * to list all spells.
Aiming: Freeze (safe; 4% risk of failure)
Press: ? - help, Shift-Dir - straight line, f - orc priest
Aim: an orc priest, wielding a club and wearing a ring mail You freeze the orc priest.
The orc priest is lightly wounded.
The orc priest mumbles some strange prayers to Beogh against you.
Beogh smites you!
Casting: Freeze (safe; 4% risk of failure)
Confirm with . or Enter, or press ? or * to list all spells.
Aiming: Freeze (safe; 4% risk of failure)
Press: ? - help, Shift-Dir - straight line, f/p - orc priest
Aim: an orc priest, wielding a club and wearing a ring mail (lightly wounded)
You freeze the orc priest.
The orc priest is heavily wounded.
The orc priest begins to cast a cantrip, but forgets the words!
Casting: Freeze (safe; 4% risk of failure)
Confirm with . or Enter, or press ? or * to list all spells.
Aiming: Freeze (safe; 4% risk of failure)
Press: ? - help, Shift-Dir - straight line, f/p - orc priest
Aim: an orc priest, wielding a club and wearing a ring mail (heavily wounded)
You freeze the orc priest.
The orc priest is almost dead.
The orc priest invokes the aid of Beogh against you.
Beogh smites you!
* * * LOW HITPOINT WARNING * * *
Casting: Freeze (safe; 4% risk of failure)
Confirm with . or Enter, or press ? or * to list all spells.
Aiming: Freeze (safe; 4% risk of failure)
Press: ? - help, Shift-Dir - straight line, f/p - orc priest
Aim: an orc priest, wielding a club and wearing a ring mail (almost dead)
You freeze the orc priest.
The orc priest is almost dead.
The orc priest calls down the wrath of Beogh upon you.
Beogh smites you!
You die...

######### #.......#####
..... #)##.........
..... #.##.##.#####
.....###.......o@..#.##
o......)........[.......
>................#.#.#..
.....######..#..[#.# #
.............###.# #
......####.........#
#####.# #.#.###..## #.#
#..........
####'######.####..#


You could see an orc priest.

Vanquished Creatures
  An adder (D:2)
  2 dart slugs
  8 orcs
  3 bats
  3 goblins
  A hobgoblin (D:3)
  A quokka (D:3)
  A rat (D:1)
20 creatures vanquished.

Notes
Turn   | Place    | Note
-------+----------+-------------------------------------------
     0 | D:1      | Amnesiac the Mummy Ice Elementalist began the quest for the
                  | Orb.
     0 | D:1      | Reached XP level 1. HP: 13/13 MP: 4/4
   166 | D:2      | Reached XP level 2. HP: 12/19 MP: 0/5
   339 | D:3      | Found a white marble altar of Elyvilon.
   828 | D:2      | Reached XP level 3. HP: 6/24 MP: 4/7
  1488 | D:3      | Killed from afar by an orc priest

Vault maps used:
D:1:      lordsloth_arrival_two_stooges
D:2:      gammafunk_temple_overflow_elements
D:3:      elyvilon_altar_5, lemuel_old_faithful

Skill      XL: |  1  2 |
---------------+-------+-----
Ice Magic      | 3 |  3.4
Spellcasting   | 3 |  3.3
Dodging        | |  1.5
Stealth        | |  1.5
Conjurations   | |  0.7

Action                   || total
-------------------------++-------
Melee: Unarmed           ||     2
 Cast: Freeze            ||    54
Armor: Robe              ||    10
Dodge: Dodged            ||    36

Table legend:
 A = Non-vault XP
 B = Vault XP
 C = Vault XP percentage of total XP
 D = Non-vault monster count
 E = Vault monster count
 F = Vault count percentage of total count
                 A         B        C        D         E       F
            +---------+---------+-------+---------+---------+-------
      Total |      60 |       0 |   0.0 |      20 |       0 |   0.0
            +---------+---------+-------+---------+---------+-------
        D:1 |       9 |       0 |   0.0 |       4 |       0 |   0.0
        D:2 |      29 |       0 |   0.0 |       6 |       0 |   0.0
        D:3 |      22 |       0 |   0.0 |      10 |       0 |   0.0
            +---------+---------+-------+---------+---------+-------
